 Dungeon Crawl Stone Soup version 0.31.0-12-g77e489cdc1 (webtiles) character file.

Game seed: 4394864682233841757

84 Gadfly the Covered (level 4, -3/38 HPs)
             Began as an Armataur Fighter on Feb 28, 2024.
             Slain by an iguana (10 damage)
             ... on level 4 of the Dungeon.
             The game lasted 00:02:56 (2140 turns).

Gadfly the Covered (Armataur Fighter)               Turns: 2140, Time: 00:02:57

Health: -3/38      AC:  9    Str: 21    XL:     4   Next: 23%
Magic:  4/4        EV:  5    Int:  8    God:
Gold:   104        SH:  4    Dex: 12    Spells: 3/3 levels left

rFire   . . .        a - +0 flail
rCold   . . .        c - +0 buckler
rNeg    . . .        i - +0 chain mail
rPois   .            (no helmet)
rElec   .            (no cloak)
rCorr   .            f - +0 pair of gloves
SInv    .            (no barding)
Will    .....        (no amulet) Stlth
                     (no ring)
HPRegen 0.26/turn    (no ring)
MPRegen 0.09/turn

%: roll
@: no status effects
A: large, deformed body, tough skin 3, armoured tail, roll 1
a: no special abilities


You were on level 4 of the Dungeon.
You visited 1 branch of the dungeon, and saw 4 of its levels.

You collected 104 gold pieces.

Inventory:

Hand Weapons
 a - a +0 flail (weapon)
Armour
 c - a +0 buckler (worn)
 f - a +0 pair of gloves (worn)
 i - a +0 chain mail (worn)
Wands
 g - a wand of flame (13)
Scrolls
 b - a scroll of brand weapon {unknown}
 e - 4 scrolls of identify
 j - a scroll of fog {unknown}
Potions
 d - a potion of might


   Skills:
 + Level 3.0 Fighting
 * Level 2.4 Maces & Flails
 + Level 4.0 Armour
 + Level 3.5 Shields
 * Level 1.6 Evocations
 * Level 1.2 Shapeshifting


You had 3 spell levels left.
You didn't know any spells.
Your spell library contained the following spells:

 Spells                   Type           Power      Damage    Failure   Level
 Cause Fear               Hex            0%         N/A       100%        4
 Fireball                 Conj/Fire      0%         3d3       100%        5
 Dragon's Call            Summ           0%         N/A       100%        9


Dungeon Overview and Level Annotations

Branches:
Dungeon (4/15)
 Temple: D:4-7

Altars:

Shops:
D:2 =


Innate Abilities, Weirdness & Mutations

Armour fits poorly on your strangely shaped body.
You have extremely tough skin. (AC +3)
You have a long armoured tail.
You regenerate magic when rolling toward enemies. (Rampage MPRegen)


Message History

You are too injured to fight recklessly!
You are too injured to fight recklessly!
You are too injured to fight recklessly!
You are too injured to fight recklessly!
You are too injured to fight recklessly!
You are too injured to fight recklessly!
You are too injured to fight recklessly!
You are too injured to fight recklessly!
You are too injured to fight recklessly!
You are too injured to fight recklessly!
You are too injured to fight recklessly!
You are too injured to fight recklessly!
You are too injured to fight recklessly!
You are too injured to fight recklessly!
You are too injured to fight recklessly!
You are too injured to fight recklessly!
There are monsters nearby!
Unknown command.
You are too injured to fight recklessly!
There are monsters nearby!
You are too injured to fight recklessly!
Unknown command.
You hit the iguana.
The iguana is lightly wounded.
The jackal bites you but does no damage.
The iguana bites you. You block the jackal's attack.
You barely miss the iguana. You tail-slap the iguana.
The iguana is moderately wounded.
The jackal bites you but does no damage.
You block the iguana's attack. The jackal barely misses you.
The iguana bites you.
* * * LOW HITPOINT WARNING * * *
It was a potion of curing.
You feel better. The jackal barely misses you. The iguana bites you!
* * * LOW HITPOINT WARNING * * *
The jackal bites you but does no damage.
You hit the iguana.
The iguana is severely wounded.
The jackal completely misses you. The iguana bites you!
You die...

#.. #.#
#.# #.#
#.# #.#
#l# #@#
#.hg.....
#########


You could see an iguana, a jackal and a hobgoblin.

Vanquished Creatures
  Jessica (D:2)
  An adder (D:3)
  A dart slug (D:1)
  A ribbon worm (D:2)
  3 endoplasms (D:2)
  A giant cockroach (D:2)
  A goblin (D:2)
  4 hobgoblins
  7 jackals
  5 ball pythons
  4 bats
  3 frilled lizards
  4 kobolds
  9 rats
45 creatures vanquished.

Notes
Turn   | Place    | Note
-------+----------+-------------------------------------------
     0 | D:1      | Gadfly the Armataur Fighter began the quest for the Orb.
     0 | D:1      | Reached XP level 1. HP: 18/18 MP: 1/1
   316 | D:1      | Reached XP level 2. HP: 25/25 MP: 2/2
  1180 | D:2      | Found Wiorrid's Jewellery Shoppe.
  1191 | D:2      | Reached skill level 1 in Evocations
  1337 | D:2      | Reached XP level 3. HP: 25/30 MP: 3/3
  1471 | D:2      | Noticed Jessica
  1480 | D:2      | Killed Jessica
  1481 | D:2      | Reached skill level 1 in Shapeshifting
  1800 | D:3      | Reached skill level 4 in Armour
  1820 | D:3      | Reached XP level 4. HP: 32/38 MP: 4/4
  2140 | D:4      | Slain by an iguana

Illustrated notes

Levels and vault maps discovered:
D:1:      onia_arrival_mini_maze, layout_loops_ring
D:2:      layout_basic, serial_shops, shop, minivault_24,
          kennysheep_generic_room_2, uniq_jessica
D:3:      layout_basic, hellmonk_ecumenical_altar_run_dry
D:4:      layout_loops_corners, tgw_trog, minmay_hollow_rounded_squares,
          uniq_crazy_yiuf_cottage

Skill      XL: |  1  2  3 |
---------------+----------+-----
Maces & Flails | 2 |  2.4
Evocations     | 1 |  1.6
Shapeshifting  | 1 |  1.2
Armour         | 4 |  4.0
Fighting       | 3 |  3.0
Shields        | |  3.5

Action                     |  1- 3 |  4- 6 || total
---------------------------+-------+-------++-------
  Melee: Flail             |   146 |    28 ||   174
         Tailslap          |     9 |     4 ||    13
    Use: Scroll            |     3 |       ||     3
         Potion            |       |     1 ||     1
 Armour: Scale mail        |    78 |       ||    78
         Chain mail        |    31 |    37 ||    68
  Dodge: Dodged            |    51 |    16 ||    67
  Block: Buckler           |    35 |     5 ||    40
